 Dungeon Crawl Stone Soup version 0.21.1-1-g345015f (webtiles) character file.

563469 troglodite the Hoplite (level 25, -7/160 HPs)
             Began as a Demonspawn Berserker on Feb 28, 2018.
             Was the Champion of Trog.
             Killed from afar by a starcursed mass (17 damage)
             ... with an accursed screaming
             ... while paralysed by accursed screaming
             ... on level 5 of the Abyss on Mar 6, 2018.
             The game lasted 04:48:26 (68389 turns).

troglodite the Hoplite (Demonspawn Berserker)      Turns: 68389, Time: 04:48:28

Health: -7/160     AC: 39    Str: 31    XL:     25   Next: 42%
Magic:  9/11       EV:  2    Int:  7    God:    Trog [******]
Gold:   4768       SH:  0    Dex: 16    Spells: 24/24 levels left

rFire    + . .     SeeInvis +   g - +9 long sword of Slow Death {elec, rPois rN+}
rCold    + + .     Gourm    .   O - +7 large shield {rN+}
rNeg     + + +     Faith    .   L - +11 plate armour of Purpose {+Inv MR+ MP-9 Stlth+}
rPois    +         Spirit   .   Y - +0 mask of the Dragon {MR+ Slay+3 SInv}
rElec    +         Reflect  .   A - +2 cloak {MR+}
rCorr    .         Harm     .   E - +0 pair of fencer's gloves {+Riposte Dex+3}
MR       ++++.     Rnd*Tele +   (boots unavailable)
Stlth    ..........             G - amulet "Madwets" {rC+ Regen+ Int+2}
HPRegen  0.00/turn              W - ring "Caatetih" {rElec rPois rF+ Str+2}
MPRegen  0.12/turn              M - +6 ring of protection

@: paralysed, non-regenerating, mildly diseased
A: antennae 1, hooves 3, large bone plates 3, clumsy 1, cold resistance 1,
deterioration 1, [dopey 2], [frail 2], icemail, [low mp 1], negative energy
resistance 1, spiny 3, strong 1, [teleportitis 1], [no potion heal 2], freezing
cloud immunity
}: 3/15 runes: barnacled, silver, gossamer
a: Berserk, Trog's Hand, Brothers in Arms, Burn Spellbooks, Renounce Religion,
Evoke Invisibility


You were on level 5 of the Abyss.
You worshipped Trog.
Trog was exalted by your worship.
You were not hungry.

You visited 8 branches of the dungeon, and saw 43 of its levels.
You visited the Abyss 1 time.
You also visited: Labyrinth, Sewer, Ossuary and Ice Cave.

You collected 7779 gold pieces.
You spent 3011 gold pieces at shops.

Inventory:

Hand Weapons
 g - the +9 long sword of Slow Death (weapon) {elec, rPois rN+}
   (You bought it in a shop on level 3 of the Vaults)

   Occasionally, upon striking a foe, it will discharge some electrical energy
   and cause terrible harm.
   It protects you from poison.
   It protects you from negative energy.
 i - a +6 demon blade of venom
Armour
 d - +0 gold dragon scales
 k - the +1 chain mail of the Pits of Slime {rElec rCorr Int+4 Dex+3}
   (You found it on level 1 of the Abyss)

   It affects your intelligence (+4).
   It affects your dexterity (+3).
   It insulates you from electricity.
   It protects you from acid and corrosion.
 A - a +2 cloak of magic resistance (worn)
 E - the +0 pair of fencer's gloves (worn) {+Riposte Dex+3}
   (You bought it in a shop on level 2 of the Elven Halls)

   It affects your dexterity (+3).
 L - the +11 plate armour of Purpose (worn) {+Inv MR+ MP-9 Stlth+}
   (You found it on level 10 of the Dungeon)

   It affects your resistance to hostile enchantments.
   It affects your magic capacity (-9).
   It lets you turn invisible.
   It makes you more stealthy.
 O - a +7 large shield of positive energy (worn)
 P - the +3 hat of Pondering {ponderous, MR+ MP+10 Int+5}
   (You took it off Gastronok on level 2 of the Lair of Beasts)

   It affects your intelligence (+5).
   It affects your resistance to hostile enchantments.
   It affects your magic capacity (+10).
 Y - the +0 mask of the Dragon (worn) {MR+ Slay+3 SInv}
   (You found it on level 3 of the Elven Halls)

   It affects your accuracy and damage with ranged weapons and melee attacks
   (+3).
   It affects your resistance to hostile enchantments.
   It lets you see invisible.
Jewellery
 o - a +3 ring of dexterity
 G - the amulet "Madwets" (around neck) {rC+ Regen+ Int+2}
   (You found it on level 3 of the Depths)

   [amulet of regeneration]

   It affects your intelligence (+2).
   It protects you from cold.
   It increases your rate of regeneration.
 M - a +6 ring of protection (right hand)
 Q - a +3 ring of slaying
 W - the ring "Caatetih" (left hand) {rElec rPois rF+ Str+2}
   (You took it off a tengu reaver on level 5 of the Vaults)

   [ring of protection from fire]

   It affects your strength (+2).
   It protects you from fire.
   It insulates you from electricity.
   It protects you from poison.
 X - the ring of Cilysizio {Ice Str+4 Slay+3}
   (You found it on level 3 of the Depths)

   [ring of ice]

   It enhances your ice magic.
   It affects your strength (+4).
   It affects your accuracy and damage with ranged weapons and melee attacks
   (+3).
   It makes you vulnerable to fire.
   It protects you from cold.
Wands
 s - a wand of digging (28)
Scrolls
 a - 2 scrolls of identify
 e - 10 scrolls of enchant weapon
 h - a scroll of enchant armour
 n - 2 scrolls of silence
 p - 12 scrolls of teleportation
 t - 5 scrolls of blinking
 w - 14 scrolls of remove curse
 B - 3 scrolls of summoning
 C - a scroll of brand weapon
 I - 8 scrolls of magic mapping
 K - 15 scrolls of fog
 N - 8 scrolls of fear
Potions
 b - 7 potions of magic
 f - 15 potions of flight
 j - 23 potions of curing
 l - 4 potions of ambrosia
 m - 2 potions of resistance
 q - a potion of berserk rage
 r - 4 potions of invisibility
 v - 10 potions of heal wounds
 x - 9 potions of haste
 z - 6 potions of mutation
 D - 8 potions of brilliance
 J - 3 potions of cancellation
 S - 9 potions of lignification
 T - 3 potions of agility
 U - 6 potions of might
Comestibles
 c - 52 rations
 u - 3 chunks of flesh


   Skills:
 * Level 17.3 Fighting
   Level 12.2(14.6) Short Blades
 + Level 13.6(15.3) Long Blades
 * Level 15.8 Armour
 * Level 15.6 Dodging
 - Level 0.4 Stealth
 * Level 25.8 Shields
 + Level 0.8 Unarmed Combat
 + Level 0.3 Evocations


You had 24 spell levels left.
You didn't know any spells.

Dungeon Overview and Level Annotations

Branches:
Dungeon (15/15)            Temple (0/1) D:7            Lair (6/6) D:10
 Shoals (4/4) Lair:4       Spider (4/4) Lair:4        Slime (0/5) Lair:6
    Orc (2/2) D:11            Elf (3/3) Orc:2        Vaults (5/5) D:13
  Crypt (0/3) Vaults:3     Depths (4/5) D:15

Altars:
Ashenzari
Cheibriados
Dithmenos
Elyvilon
Fedhas
Gozag
Hepliaklqana
Kikubaaqudgha
Sif Muna
Vehumet
Xom
Yredelemnul
Zin
Beogh

Shops:
D:5 [   D:6 :}(!   D:7 *   D:8 [!   D:14 (   Orc:1 *   Orc:2 !}([?   Elf:1 !
Elf:2 :[=   Vaults:2 [*   Vaults:3 %(!

Portals:
Hell: Depths:1 Depths:2 Depths:3 Depths:4
Abyss: Depths:4
Pandemonium: Depths:3
Ziggurat: Depths:3
Trove: Elf:2 (give +6 demon trident)

Annotations:
Depths:3 1 transporter


Innate Abilities, Weirdness & Mutations

You have hooves in place of feet.
You are completely covered in large bone plates. (SH +8)
Your flesh is cold resistant. (rC+)
A meltable icy envelope protects you from harm. (AC +0)
You resist negative energy. (rN+)
You are completely covered in sharp spines.
You are immune to freezing clouds.
You have a pair of small antennae on your head.
You are clumsy. (Dex -2)
Your body sometimes deteriorates upon taking damage.
Your muscles are strong. (Str +2)
[You are very dopey. (Int -4)]
[You are very frail. (-20% HP)]
[Your magical capacity is low. (-10% MP)]
[You are occasionally teleported next to monsters.]
[Potions are poor at restoring your health.]


Message History

You suddenly lose the ability to move!
A starcursed mass splits.
The starcursed mass engulfs you but does no damage.
You can move again.
You block the starcursed mass's attack.
A starcursed mass splits.
Unknown command.
You block the starcursed mass's attack.
A cacophony of accursed wailing tears at your sanity!
* * * LOW HITPOINT WARNING * * *
Unknown command.
A cacophony of accursed wailing tears at your sanity!
* * * LOW HITPOINT WARNING * * *
You suddenly lose the ability to move!
You recover from your berserk rage.
The starcursed mass is struck by your spines.
The starcursed mass engulfs you.
* * * LOW HITPOINT WARNING * * *
The starcursed mass shudders and is absorbed by its neighbour.
A cacophony of accursed wailing tears at your sanity!
You die...

##.......#
####....... #
##.#........##
#.....X.......
##....X..#..##
.##X.#XX.# .
...#.XX.### #
#..XX.#.# #
##....X@##. # .
#........#. . #
# ##.....)... .
#....##...... .
##.#####∩..#.#.
## . # ##.....#
. . ..#.... .
...... # .. #
.#.. .


You could see 9 starcursed masses.

Vanquished Creatures
  2 juggernauts
  Mennas (Vaults:3)
  An ancient lich (Abyss:1)
  Saint Roka (Depths:2)
  A caustic shrike (Depths:3)
  The ghost of Britaniac the Warrior, a veteran GrFi of Okawaru (Vaults:5)
  3 golden dragons
  2 bone dragons
  2 profane servitors
  4 liches
  The ghost of grindst0ne the Bringer of Law, an adept FoFi of Zin (Elf:2)
  2 tentacled monstrosities
  A deep elf blademaster (Elf:3)
  4 titans
  A deep elf master archer (Elf:3)
  2 quicksilver dragons
  8 tentacled starspawn
  2 krakens
  Polyphemus (Shoals:2)
  5 storm dragons
  3 sphinxes (Vaults:5)
  The ghost of Vorshek the Victor of a Thousand Battles, an adept GnWr of Okawaru (Depths:1)
  7 shadow dragons
  Gastronok (Lair:2)
  9 tengu reavers
  Ilsuiw (Shoals:4)
  Donald (Spider:4)
  Roxanne (Shoals:1)
  3 revenants
  11 fire giants
  11 frost giants
  2 balrugs
  A ghost moth (shapeshifter) (Vaults:5)
  A juggernaut zombie (Depths:4)
  Louise (Spider:4)
  3 deep elf elementalists
  5 deep elf sorcerers
  An iron dragon (Vaults:5)
  6 emperor scorpions
  2 ghost moths
  15 vault wardens
  An angel (Abyss:1)
  10 stone giants
  16 ironheart preservers
  3 war gargoyles (Vaults:5)
  19 very ugly things
  2 spriggan defenders
  4 entropy weavers
  A stone giant (shapeshifter) (Vaults:5)
  A caustic shrike skeleton (Depths:2)
  7 deep elf demonologists
  5 vampire knights
  A red draconian (Abyss:5)
  49 starcursed masses
  Azrael (Spider:3)
  6 spark wasps
  2 lorocyprocas
  A dire elephant (Lair:6)
  5 deep elf annihilators
  21 small abominations
  13 ettins
  A green death (Abyss:5)
  Snorg (Orc:1)
  9 fire dragons
  5 merfolk javelineers
  9 deep elf death magi
  4 merfolk impalers
  The ghost of inc the Spry, a journeyman FeEn of Jiyva (Shoals:2)
  A minotaur (Lab)
  19 yaktaur captains
  6 great orbs of eyes
  3 deep elf high priests
  Josephine (Shoals:1)
  An ice dragon (Depths:3)
  3 jiangshi
  4 merfolk avatars
  33 vault guards
  6 hydras
  Fannar (D:11)
  3 rakshasas
  9 centaur warriors
  Harold (Lair:4)
  5 satyrs
  3 catoblepae
  4 spriggan air magi
  3 alligator snapping turtles
  38 two-headed ogres
  3 merfolk aquamancers
  8 death scarabs (Spider:4)
  9 death knights
  12 ogre magi
  5 death yaks
  4 deep troll earth magi
  An orc high priest (Orc:2)
  3 vampire magi
  4 hell hogs
  A queen ant (Spider:4)
  25 dancing weapons
  A tengu warrior (Depths:1)
  27 thrashing horrors
  2 deep troll shamans
  2 spriggan berserkers
  A titan zombie (Depths:4)
  6 hell knights (Depths:1)
  Sonja (D:14)
  3 sun demons
  A titan skeleton (Depths:4)
  19 deep elf knights
  2 shadow wraiths
  9 wretched stars
  2 sixfirhies
  A deep troll (shapeshifter) (Depths:3)
  3 fire crabs (shapeshifter)
  3 skeletal warriors
  9 sea snakes
  11 flayed ghosts
  An unseen horror (D:15)
  7 spatial maelstroms
  A swamp dragon (shapeshifter) (Depths:2)
  A storm dragon skeleton (Depths:4)
  4 glowing orange brains
  A golden dragon zombie (Depths:4)
  17 deep trolls
  2 wizards (Vaults:2)
  A glowing orange brain (shapeshifter) (Vaults:1)
  A shadow demon (Abyss:4)
  A golden dragon skeleton (Depths:1)
  12 ironbrand convokers
  11 deep elf archers
  24 harpies
  2 mana vipers
  7 spectral wolf spiders (Spider:4)
  4 necromancers
  5 wolf spider zombies
  7 phantasmal warriors
  2 harpies (shapeshifter)
  13 orc knights
  11 orb spiders
  A tengu skeleton (Depths:4)
  3 orc sorcerers (Orc:2)
  41 deep elf magi
  2 sphinx zombies (Depths:4)
  Pikel (D:4)
  A shadow dragon skeleton (Depths:4)
  2 frost giant zombies
  A salamander (Depths:4)
  An oklob plant (Lair:6)
  39 ugly things
  20 wolf spiders
  12 manticores
  7 worldbinders
  A sphinx skeleton (Depths:2)
  21 fauns
  34 large abominations
  6 cyclopes
  2 fire giant zombies (Depths:4)
  2 fire giant skeletons
  A cyclops (shapeshifter) (Elf:3)
  Joseph (D:7)
  2 apocalypse crabs
  A moth of wrath (Spider:4)
  21 elephants
  Maurice (D:11)
  A guardian serpent (shapeshifter) (Vaults:4)
  2 stone giant skeletons (Depths:1)
  6 water nymphs
  7 merfolk sirens
  6 torpor snails
  A rust devil (Abyss:4)
  An iron dragon skeleton (Abyss:1)
  2 guardian serpents
  A torpor snail (shapeshifter) (Vaults:5)
  15 smoke demons
  7 black mambas
  An ice statue (IceCv)
  12 vault sentinels
  2 orange demons
  25 spiny frogs
  A hellion (Abyss:3)
  A rime drake (shapeshifter) (Vaults:1)
  A kobold demonologist (D:15)
  4 hellwings
  2 spectral redbacks (Spider:4)
  An efreet (D:13)
  7 komodo dragons
  11 demonic crawlers
  2 redback zombies (Spider:4)
  A spriggan skeleton (Depths:2)
  A rime drake (Lair:2)
  2 tengu conjurers
  44 yaktaurs
  3 elf skeletons (Depths:4)
  11 ancient zymes
  4 trolls
  8 freezing wraiths
  13 hornets
  A queen bee (Lair:2)
  A polar bear (shapeshifter) (Vaults:5)
  24 jumping spiders
  3 spectral tarantellas (Spider:4)
  2 wind drakes
  17 merfolk
  11 polar bears (IceCv)
  Prince Ribbit (D:7)
  2 tyrant leeches (Lair:6)
  23 blink frogs
  A meliai (shapeshifter) (Vaults:2)
  2 spectral jumping spiders (Spider:4)
  18 raiju
  2 blink frogs (shapeshifter)
  11 snapping turtles
  A tarantella zombie (Spider:4)
  A hippogriff (shapeshifter) (Depths:4)
  2 air elementals
  8 hippogriffs
  3 jumping spider zombies (Spider:4)
  5 dream sheep
  An ettin zombie (Depths:1)
  16 slime creatures
  A spriggan zombie (Depths:2)
  8 flying skulls
  A spriggan (shapeshifter) (Vaults:3)
  53 redbacks
  25 tarantellas
  2 wyverns
  11 wraiths
  3 shadows
  14 water elementals
  6 ynoxinuls
  8 fire elementals
  91 yaks
  A tarantella (shapeshifter) (D:15)
  A golden eye (Abyss:1)
  5 basilisks
  8 neqoxecs
  9 hungry ghosts
  A steam dragon (Lair:2)
  Eustachio (D:4)
  5 vampire mosquitoes (Lair:6)
  8 chaos spawn
  A yaktaur simulacrum (Vaults:4)
  5 wargs
  18 soldier ants (Spider:4)
  5 spatial vortices
  4 hell hounds
  A spectral hornet (Spider:4)
  14 water moccasins
  4 acid dragons
  12 porcupines
  A human skeleton (Depths:1)
  A floating eye (Depths:2)
  57 orc warriors
  A slave (D:4)
  4 sky beasts
  2 hornet zombies (Spider:4)
  2 ice beasts
  2 black bears
  2 human zombies (Vaults:4)
  38 ogres
  An eye of draining (shapeshifter) (Vaults:1)
  21 wolves
  A phantom (D:14)
  13 boggarts
  27 centaurs
  13 crocodiles
  6 big kobolds
  28 bullfrogs
  6 earth elementals
  A wyvern zombie (D:12)
  A glowing shapeshifter simulacrum (Vaults:2)
  6 scorpions
  A wyvern skeleton (D:14)
  44 killer bees
  3 howler monkeys
  7 wights
  7 electric eels
  6 crimson imps
  6 bullfrog zombies
  7 centaur zombies
  6 jellies
  6 quasits
  4 iron imps (Abyss:1)
  29 orc priests
  7 bullfrog skeletons
  37 orc wizards
  8 hounds
  5 iguanas
  2 centaur skeletons
  Ijyb (D:4)
  20 worker ants
  2 killer bee zombies (D:8)
  A big kobold zombie (Ossuary)
  3 hound zombies
  3 hound skeletons
  4 mummies (Ossuary)
  A worker ant zombie (D:8)
  2 howler monkey zombies
  19 adders
  2 river rats (Sewer)
  4 shadow imps
  A white imp (Abyss:1)
  6 ufetubi
  2 adder zombies
  2 oozes
  6 adder skeletons
  5 worms
  A dart slug (D:1)
  6 leopard geckos
  160 orcs
  6 giant cockroaches
  6 goblins
  8 hobgoblins
  16 jackals
  25 kobolds
  8 quokkas
  5 ball pythons
  5 bats
  5 frilled lizards
  4 hobgoblin zombies (Ossuary)
  A jackal skeleton (D:6)
  2 leopard gecko skeletons (D:6)
  A leopard gecko zombie (D:6)
  4 quokka skeletons
  A quokka zombie (D:6)
  8 rats
  3 crawling corpses
  A fungus (Lair:2)
  4 plants
  5 starspawn tentacles
  5 tentacles
  A withered plant (Shoals:3)
2492 creatures vanquished.

Vanquished Creatures (collateral kills)
  Nikola (Shoals:1)
  Asterion (Vaults:3)
  A deep elf master archer (Elf:3)
  2 deep elf sorcerers (Elf:3)
  An orc warlord (Orc:2)
  5 deep elf elementalists (Elf:3)
  A stone giant (Vaults:5)
  2 deep elf demonologists (Elf:3)
  2 deep elf death magi (Elf:3)
  2 two-headed ogres (Vaults:5)
  An ogre mage (Vaults:5)
  2 dancing weapons
  2 deep troll earth magi (Depths:3)
  4 large abominations (Abyss:5)
  2 small abominations
  2 deep elf knights (Elf:3)
  A deep elf archer (Elf:3)
  A harpy (Shoals:3)
  An orb spider (Spider:3)
  2 orc sorcerers
  4 oklob plants (Lair:5)
  8 deep elf magi
  4 elephants (Lair:6)
  A merfolk siren (Shoals:4)
  A spiny frog (Lair:6)
  2 smoke demons (Abyss:5)
  A freezing wraith (Abyss:5)
  A yaktaur (Vaults:5)
  A blink frog (Lair:6)
  A redback (Spider:3)
  A flying skull (Abyss:5)
  A water elemental (Elf:3)
  2 basilisks (Shoals:3)
  A vampire mosquito (Lair:6)
  A warg (Orc:2)
  3 orc warriors
  A crocodile (Lair:2)
  A centaur (Shoals:1)
  2 bullfrogs (Lair:6)
  An earth elemental (Elf:1)
  2 orc priests (Orc:2)
  An orc wizard (Orc:2)
  4 orcs (Orc:2)
81 creatures vanquished.

Vanquished Creatures (others)
  A deep elf knight (Elf:1)
  An orb spider (Spider:3)
  2 harpies (Shoals:1)
  A demonic crawler (Spider:4)
  A raiju (Abyss:5)
  A yak (IceCv)
  2 tarantellas (Spider:3)
  2 slaves (D:4)
  An eye of draining (Abyss:5)
  An ogre (Vaults:5)
  A quasit (Abyss:4)
  A worker ant (D:4)
  4 orcs
  8 fungi
  3 lurking horrors
  98 plants
  19 starspawn tentacles
  24 tentacles
171 creatures vanquished.

Grand Total: 2744 creatures vanquished

Notes
Turn   | Place    | Note
-------+----------+-------------------------------------------
     0 | D:1      | troglodite the Demonspawn Berserker began the quest for the Orb.
     0 | D:1      | Reached XP level 1. HP: 18/18 MP: 1/1
   237 | D:1      | Gained mutation: You are partially covered in large bone plates. (SH +4) [demonic ancestry]
   237 | D:1      | Reached XP level 2. HP: 17/24 MP: 0/2
   789 | D:2      | Gained mutation: You have large cloven feet. [demonic ancestry]
   789 | D:2      | Reached XP level 3. HP: 20/29 MP: 1/3
   860 | D:2      | Reached ** piety under Trog
  1124 | D:2      | Gained mutation: You are partially covered in sharp spines. [demonic ancestry]
  1124 | D:2      | Reached XP level 4. HP: 35/35 MP: 4/4
  1358 | D:2      | Reached skill level 1 in Shields
  1359 | D:2      | Reached XP level 5. HP: 39/42 MP: 5/5
  1723 | D:3      | Found a glowing silver altar of Zin.
  1723 | D:3      | Found an opulent altar of Gozag.
  1875 | D:3      | Reached *** piety under Trog
  2371 | D:3      | Found a faded altar of an unknown god.
  2505 | D:4      | Noticed Pikel
  2505 | D:4      | Noticed a slave
  2505 | D:4      | Noticed a slave
  2505 | D:4      | Noticed a slave
  2506 | D:4      | Noticed a slave
  2515 | D:4      | Killed a slave
  2516 | D:4      | Killed Pikel
  2516 | D:4      | Reached skill level 3 in Shields
  2516 | D:4      | Gained mutation: You have hoof-like feet. [demonic ancestry]
  2516 | D:4      | Reached XP level 6. HP: 49/49 MP: 4/6
  2516 | D:4      | Gained mutation: You are mostly covered in sharp spines. [demonic ancestry]
  2516 | D:4      | Reached XP level 7. HP: 55/55 MP: 4/7
  2556 | D:4      | Found a white marble altar of Elyvilon.
  2561 | D:4      | Found a hazy altar of Hepliaklqana.
  2659 | D:4      | Noticed Ijyb
  2672 | D:4      | Killed Ijyb
  2757 | D:4      | Found a blossoming altar of Fedhas.
  2793 | D:4      | Found a sand-covered staircase.
  2805 | Ossuary  | Entered an ossuary
  3075 | Ossuary  | Reached skill level 4 in Shields
  3322 | D:4      | Reached **** piety under Trog
  3340 | D:4      | Noticed Eustachio
  3342 | D:4      | Reached XP level 8. HP: 43/61 MP: 8/8
  3350 | D:4      | Killed Eustachio
  3506 | D:4      | Reached skill level 5 in Long Blades
  3678 | D:5      | Entered Level 5 of the Dungeon
  3691 | D:5      | Found Pesoraiv's Armour Shoppe.
  3771 | D:5      | Reached skill level 5 in Fighting
  4085 | D:5      | Found an opulent altar of Gozag.
  4562 | D:6      | Found Ifoa's Distillery.
  4566 | D:6      | Reached skill level 5 in Shields
  4577 | D:6      | Reached skill level 5 in Armour
  4627 | D:6      | Reached XP level 9. HP: 64/68 MP: 9/9
  4638 | D:6      | Reached ***** piety under Trog
  4658 | D:6      | Found Xymekea's Weapon Shoppe.
  4674 | D:6      | Found Hiclaopn's Gadget Boutique.
  4782 | D:6      | Found a glowing drain.
  4791 | Sewer    | Entered a sewer
  4903 | Sewer    | Received a gift from Trog
  4944 | Sewer    | Found a glowing silver altar of Zin.
  5449 | D:6      | Found Gefaawon's Book Emporium.
  5506 | D:6      | Reached skill level 6 in Shields
  5573 | D:6      | Found a radiant altar of Vehumet.
  5576 | D:6      | Found a basalt altar of Yredelemnul.
  5579 | D:6      | Found a shadowy altar of Dithmenos.
  5686 | D:7      | Reached skill level 5 in Dodging
  5693 | D:7      | Noticed Prince Ribbit
  5707 | D:7      | Killed Prince Ribbit
  6060 | D:7      | Reached XP level 10. HP: 77/77 MP: 10/10
  6126 | D:7      | Found Tynta's Elemental Accessories.
  6207 | D:7      | Found a staircase to the Ecumenical Temple.
  6258 | D:7      | Noticed Joseph
  6280 | D:7      | Killed Joseph
  6481 | D:8      | Noticed a two-headed ogre
  6485 | D:8      | Got a fine ring mail
  6489 | D:8      | Noticed a two-headed ogre
  6495 | D:8      | Killed a two-headed ogre
  6495 | D:8      | Reached skill level 7 in Shields
  6511 | D:8      | Killed a two-headed ogre
  6539 | D:8      | Identified the +4 ring mail "Wahe" {+Inv rCorr} (You found it on level 8 of the Dungeon)
  6671 | D:8      | Found Wizxoliph's Distillery.
  6696 | D:8      | Received a gift from Trog
  6905 | D:8      | Found Uxzizib's Antique Armour Shop.
  7858 | D:9      | Reached skill level 8 in Shields
  7968 | D:9      | Found a snail-covered altar of Cheibriados.
  8040 | D:9      | Gained mutation: Your flesh is cold resistant. (rC+) [demonic ancestry]
  8040 | D:9      | Reached XP level 11. HP: 81/84 MP: 11/11
  8196 | D:10     | Entered Level 10 of the Dungeon
  8225 | D:10     | Noticed a two-headed ogre
  8235 | D:10     | Killed a two-headed ogre
  8550 | D:10     | Reached ****** piety under Trog
  8560 | D:10     | Received a gift from Trog
  8591 | D:10     | Found a staircase to the Lair.
  8738 | D:10     | Noticed a two-headed ogre
  8744 | D:10     | Killed a two-headed ogre
  8789 | D:10     | Got a slimy plate armour
  8800 | D:10     | Identified the +11 plate armour of Purpose {+Inv MR+ MP-9 Stlth+} (You found it on level 10 of the Dungeon)
  8859 | D:10     | Found a white marble altar of Elyvilon.
  9402 | D:11     | Reached skill level 9 in Shields
  9403 | D:11     | Received a gift from Trog
  9470 | D:11     | Found a staircase to the Orcish Mines.
  9557 | D:11     | Noticed Maurice
  9850 | D:11     | Killed Maurice
 10298 | D:11     | Noticed Fannar
 10320 | D:11     | Killed Fannar
 10581 | Orc:1    | Entered Level 1 of the Orcish Mines
 10581 | Orc:1    | Noticed an orc knight
 10696 | Orc:1    | Reached XP level 12. HP: 94/94 MP: 10/12
 10865 | Orc:1    | Received a gift from Trog
 10891 | Orc:1    | Got a translucent dagger {god gift}
 10894 | Orc:1    | Identified the +8 dagger of Zitoh {pierce, Str+2 Dex+3} (Trog gifted it to you on level 1 of the Orcish Mines)
 10896 | Orc:1    | Found Dudit's General Store.
 11167 | Orc:2    | Entered Level 2 of the Orcish Mines
 11176 | Orc:2    | Found Patrepn's Gadget Shop.
 11176 | Orc:2    | Noticed a two-headed ogre
 11190 | Orc:2    | Killed a two-headed ogre
 11209 | Orc:2    | Found a labyrinth entrance.
 11244 | Orc:2    | Found a staircase to the Elven Halls.
 11255 | Lab      | Entered a labyrinth
 12568 | Lab      | Noticed a minotaur
 12576 | Lab      | Killed a minotaur
 12576 | Lab      | Reached skill level 1 in Short Blades
 12623 | Orc:2    | Found a roughly hewn altar of Beogh.
 12647 | Orc:2    | Reached skill level 10 in Shields
 13022 | Orc:2    | Found a roughly hewn altar of Beogh.
 13041 | Orc:2    | Received a gift from Trog
 13056 | Orc:2    | Found Hosimodgh's Magic Scroll Shop.
 13141 | Orc:2    | Found a deep blue altar of Sif Muna.
 13165 | Orc:2    | Noticed a stone giant
 13194 | Orc:2    | Killed a stone giant
 13587 | Orc:2    | Noticed an orc high priest
 13592 | Orc:2    | Paralysed by an orc sorcerer for 6 turns
 13893 | Orc:2    | Found a roughly hewn altar of Beogh.
 13894 | Orc:2    | Found Fogoliema's Distillery.
 14292 | Orc:2    | Found a roughly hewn altar of Beogh.
 14613 | Orc:2    | Killed an orc high priest
 15185 | Orc:2    | Noticed an orc warlord
 15198 | Orc:2    | Received a gift from Trog
 15212 | Orc:2    | Killed an orc warlord
 15233 | Orc:2    | Found Syuchelu's Antique Weapon Emporium.
 15234 | Orc:2    | Found a roughly hewn altar of Beogh.
 15237 | Orc:2    | Found Yfiniecog's Antique Armour Shoppe.
 15257 | Orc:2    | Bought a glowing large shield for 180 gold pieces
 15332 | Orc:1    | Noticed Snorg
 15356 | Orc:1    | Killed Snorg
 15468 | Orc:1    | Gained mutation: You are completely covered in sharp spines. [demonic ancestry]
 15468 | Orc:1    | Reached XP level 13. HP: 76/101 MP: 4/13
 16117 | D:12     | Reached skill level 11 in Shields
 16668 | D:12     | Received a gift from Trog
 17631 | Lair:1   | Entered Level 1 of the Lair of Beasts
 18700 | Lair:2   | Noticed Gastronok
 18721 | Lair:2   | Killed Gastronok
 18721 | Lair:2   | Reached skill level 12 in Shields
 18962 | Lair:2   | Received a gift from Trog
 19014 | Lair:2   | Found a frozen archway.
 19061 | Lair:2   | Reached skill level 5 in Short Blades
 19146 | IceCv    | Entered an ice cave
 19649 | IceCv    | Identified a scroll of acquirement
 19654 | IceCv    | Got a steaming lead amulet
 19655 | IceCv    | Identified the amulet "Dapsilo" {RegenMP +Fly rElec} (You acquired it in an ice cave)
 19779 | IceCv    | Reached XP level 14. HP: 109/109 MP: 5/14
 19908 | IceCv    | Reached skill level 10 in Fighting
 20225 | IceCv    | Noticed a frost giant
 20240 | IceCv    | Killed a frost giant
 20254 | IceCv    | Reached skill level 13 in Shields
 20406 | Lair:2   | Received a gift from Trog
 21319 | Lair:3   | Reached skill level 10 in Armour
 22501 | Lair:4   | Found a snail-covered altar of Cheibriados.
 22718 | Lair:4   | Noticed Harold
 22730 | Lair:4   | Killed Harold
 22827 | Lair:4   | Found a staircase to the Shoals.
 22906 | Lair:4   | Found a hole to the Spider Nest.
 22913 | Lair:4   | Received a gift from Trog
 23365 | Lair:5   | Reached skill level 14 in Shields
 23954 | Lair:5   | Gained mutation: You are mostly covered in large bone plates. (SH +6) [demonic ancestry]
 23954 | Lair:5   | Reached XP level 15. HP: 117/117 MP: 6/15
 24531 | Lair:6   | Entered Level 6 of the Lair of Beasts
 24640 | Lair:6   | Found a staircase to the Slime Pits.
 24844 | Lair:6   | Received a gift from Trog
 25710 | Lair:6   | Received a gift from Trog
 25997 | Lair:6   | Reached skill level 15 in Shields
 26020 | Lair:6   | Got an iridescent short sword
 26392 | Lair:6   | Identified the +9 short sword of Qoppame {elec, +Rage MR+ Int+2} (You found it on level 6 of the Lair of Beasts)
 26658 | Orc:2    | Bought a scroll of identify for 26 gold pieces
 26658 | Orc:2    | Bought a scroll of identify for 26 gold pieces
 26717 | Elf:1    | Entered Level 1 of the Elven Halls
 26780 | Elf:1    | Found a radiant altar of Vehumet.
 26855 | Elf:1    | Reached skill level 10 in Dodging
 27117 | Elf:1    | Found Uruxyoh's Distillery.
 27435 | Elf:1    | Received a gift from Trog
 28480 | Orc:2    | Bought a scroll of enchant armour for 97 gold pieces
 28480 | Orc:2    | Bought a scroll of enchant armour for 97 gold pieces
 28551 | Orc:1    | Bought a scroll of enchant armour for 112 gold pieces
 28766 | Elf:1    | Gained mutation: You are immune to freezing clouds. [demonic ancestry]
 28766 | Elf:1    | Reached XP level 16. HP: 125/125 MP: 7/16
 28842 | Elf:2    | Found Rowudirph's Book Shoppe.
 28845 | Elf:2    | Found Mienwatt's Armour Boutique.
 28929 | Elf:2    | Found Qyiclexy's Jewellery Boutique.
 29161 | Elf:2    | Found a portal to a secret trove of treasure.
 29365 | Elf:2    | Reached skill level 16 in Shields
 29381 | Elf:2    | Found a runed door.
 29418 | Elf:2    | Found a runed door.
 29493 | Elf:2    | Received a gift from Trog
 29575 | Elf:2    | Noticed grindst0ne's ghost (adept FoFi)
 29607 | Elf:2    | Killed grindst0ne's ghost
 30340 | Elf:3    | Entered Level 3 of the Elven Halls
 30381 | Elf:2    | Bought a +2 cloak of magic resistance for 408 gold pieces
 30381 | Elf:2    | Bought the +0 pair of fencer's gloves {+Riposte Dex+3} for 760 gold pieces
 30381 | Elf:2    | Found the +0 pair of fencer's gloves {+Riposte Dex+3}
 30643 | Elf:3    | Received a gift from Trog
 30646 | Elf:3    | Noticed an Ice Fiend
 30648 | Elf:3    | Noticed a Brimstone Fiend
 30650 | Elf:3    | Noticed a deep elf blademaster
 30654 | Elf:3    | Noticed a deep elf master archer
 31068 | Elf:3    | Killed a deep elf master archer
 31190 | Elf:3    | Reached skill level 17 in Shields
 31462 | Elf:3    | Got a faintly glowing morningstar {flame}
 31464 | Elf:3    | Noticed a deep elf master archer
 31604 | Elf:3    | Identified the cursed +3 morningstar of Valiance {flame, rF+ Str+4} (You took it off a deep elf sorcerer on level 3 of the Elven Halls)
 31653 | Elf:3    | Reached XP level 17. HP: 133/133 MP: 8/17
 31694 | Elf:3    | Killed a deep elf blademaster
 31801 | Elf:3    | Noticed a Tzitzimitl
 31825 | Elf:3    | Killed a deep elf master archer
 32295 | Elf:3    | Got a clouded steel ring
 32299 | Elf:3    | Noticed a Hell Sentinel
 32326 | Elf:3    | Gained mutation: Your body sometimes deteriorates upon taking damage. [a cacodemon]
 32347 | Elf:3    | Noticed a Tzitzimitl
 32472 | Elf:3    | Received a gift from Trog
 32876 | Elf:3    | Got a translucent pewter ring
 32897 | Elf:3    | Found the +0 mask of the Dragon {MR+ Slay+3 SInv}
 33062 | Elf:3    | Identified the ring "Nahiosor" {*Slow rPois Int+3 Stlth+} (You took it off a deep elf master archer on level 3 of the Elven Halls)
 33064 | Elf:3    | Identified the ring of Duoziq {Fire rElec} (You took it off a deep elf mage on level 3 of the Elven Halls)
 33260 | Elf:3    | Noticed a Hell Sentinel
 33680 | Shoals:1 | Entered Level 1 of the Shoals
 33698 | Shoals:1 | Noticed a kraken
 33744 | Shoals:1 | Killed a kraken
 34025 | Shoals:1 | Noticed Roxanne
 34242 | Shoals:1 | Killed Roxanne
 34298 | Shoals:1 | Noticed Josephine
 34317 | Shoals:1 | Killed Josephine
 34566 | Shoals:1 | Noticed Nikola
 34584 | Shoals:1 | Killed Nikola
 34584 | Shoals:1 | Received a gift from Trog
 35191 | Shoals:2 | Noticed Polyphemus
 35227 | Shoals:2 | Killed Polyphemus
 35435 | Shoals:2 | Reached skill level 18 in Shields
 36449 | Shoals:2 | Noticed inc's ghost (journeyman FeEn)
 36465 | Shoals:2 | Killed inc's ghost
 36465 | Shoals:2 | Received a gift from Trog
 36526 | Shoals:2 | Noticed a kraken
 36557 | Shoals:2 | Killed a kraken
 36692 | Shoals:3 | Reached skill level 10 in Short Blades
 36887 | Shoals:3 | Gained mutation: A meltable icy envelope protects you from harm. (AC +0) [demonic ancestry]
 36887 | Shoals:3 | Reached XP level 18. HP: 132/142 MP: 9/18
 37474 | Shoals:4 | Entered Level 4 of the Shoals
 37589 | Shoals:4 | Got a crystal mace
 37758 | Shoals:4 | Received a gift from Trog
 37866 | Shoals:4 | Identified the +3 mace of Tofiojy {crush, rF+} (You found it on level 4 of the Shoals)
 38342 | Shoals:4 | Noticed Ilsuiw
 38724 | Shoals:4 | Received a gift from Trog
 38740 | Shoals:4 | Killed Ilsuiw
 39118 | Shoals:4 | Got a barnacled rune of Zot
 39322 | Spider:1 | Entered Level 1 of the Spider Nest
 40518 | Spider:2 | Reached skill level 19 in Shields
 41404 | Spider:3 | Received a gift from Trog
 41881 | Spider:3 | Got a bronze ring mail
 42022 | Spider:3 | Identified the +1 ring mail of Resonance {rF+ Dex+7} (You found it on level 3 of the Spider Nest)
 42298 | Spider:3 | Noticed Azrael
 42310 | Spider:3 | Killed Azrael
 42767 | Spider:4 | Entered Level 4 of the Spider Nest
 42767 | Spider:4 | Noticed Donald
 42776 | Spider:4 | Received a gift from Trog
 42778 | Spider:4 | Noticed Louise
 42784 | Spider:4 | Killed Donald
 42821 | Spider:4 | Killed Louise
 42857 | Spider:4 | Gained mutation: You have hooves in place of feet. [demonic ancestry]
 42857 | Spider:4 | Reached XP level 19. HP: 98/149 MP: 10/19
 43331 | Spider:4 | Received a gift from Trog
 43928 | Spider:4 | Paralysed by a hornet for 3 turns
 44132 | Spider:4 | Reached skill level 20 in Shields
 44177 | Spider:4 | Got a gossamer rune of Zot
 44649 | D:13     | Received a gift from Trog
 44992 | D:13     | Found a gate to the Vaults.
 45491 | D:14     | Received a gift from Trog
 45843 | D:14     | Noticed Sonja
 45849 | D:14     | Killed Sonja
 46232 | D:14     | Found Mottarozue's Weapon Shop.
 46524 | D:15     | Entered Level 15 of the Dungeon
 46542 | D:15     | Found a staircase to the Depths.
 47028 | D:15     | Found a shimmering altar of Xom.
 47321 | Vaults:1 | Entered Level 1 of the Vaults
 47341 | D:13     | Received a gift from Trog
 47807 | Vaults:1 | Reached XP level 20. HP: 148/158 MP: 11/20
 47905 | Vaults:1 | Got a warped dagger
 47906 | Vaults:1 | Identified the +5 dagger of Immorality {freeze, +Rage rElec Int-5} (You found it on level 1 of the Vaults)
 48185 | Vaults:1 | You fall through a shaft!
 48230 | Vaults:2 | Received a gift from Trog
 48606 | Vaults:2 | Found Wumyez's Antique Armour Emporium.
 48993 | Vaults:2 | Found Luecoish's Assorted Antiques.
 49008 | Vaults:2 | Reached skill level 21 in Shields
 49037 | Vaults:2 | Bought a scroll of identify for 44 gold pieces
 49037 | Vaults:2 | Bought a tiger eye-studded scale mail for 198 gold pieces
 49037 | Vaults:2 | Bought a scroll of enchant armour for 165 gold pieces
 49037 | Vaults:2 | Identified the +6 scale mail of the Saviour {rN+ Int+3} (You bought it in a shop on level 2 of the Vaults)
 49362 | Vaults:2 | Received a gift from Trog
 50251 | Vaults:1 | Received a gift from Trog
 50974 | Vaults:3 | Noticed Mennas
 50997 | Vaults:3 | Killed Mennas
 51221 | Vaults:3 | Received a gift from Trog
 51499 | Vaults:3 | Found Resiffai's Weapon Boutique.
 51568 | Vaults:3 | Found Foletov's Distillery.
 51586 | Vaults:3 | Gained mutation: You are completely covered in large bone plates. (SH +8) [demonic ancestry]
 51586 | Vaults:3 | Reached XP level 21. HP: 166/166 MP: 12/21
 51604 | Vaults:3 | Found Rayl's Food Emporium.
 51675 | Vaults:3 | Noticed Asterion
 51695 | Vaults:3 | Killed Asterion
 51920 | Vaults:3 | Found a staircase to the Crypt.
 51920 | Vaults:3 | Found an ancient bone altar of Kikubaaqudgha.
 51921 | Vaults:3 | Found a basalt altar of Yredelemnul.
 52705 | Vaults:4 | Received a gift from Trog
 52971 | Vaults:4 | Reached skill level 22 in Shields
 53011 | Vaults:4 | Received a gift from Trog
 53453 | Vaults:4 | Got a shimmering arbalest
 53454 | Vaults:4 | Identified the +4 arbalest "Wemot" {velocity, MR+ Str+4 Dex+3} (You found it on level 4 of the Vaults)
 54029 | Vaults:5 | Entered Level 5 of the Vaults
 54036 | Vaults:4 | Received a gift from Trog
 54192 | Vaults:3 | Bought the +9 long sword of Slow Death {elec, rPois rN+} for 898 gold pieces
 54430 | Vaults:4 | Reached skill level 15 in Fighting
 54430 | Vaults:4 | Reached skill level 10 in Long Blades
 55332 | Vaults:5 | Reached XP level 22. HP: 175/175 MP: 13/22
 55379 | Vaults:4 | Received a gift from Trog
 55600 | Vaults:4 | Lost mutation: Your body sometimes deteriorates upon taking damage. [potion of mutation]
 55600 | Vaults:4 | Gained mutation: You have a pair of small antennae on your head. [potion of mutation]
 55600 | Vaults:4 | Gained mutation: Your muscles are strong. (Str +2) [potion of mutation]
 55912 | Vaults:5 | Noticed a golden dragon
 55921 | Vaults:5 | Reached skill level 23 in Shields
 55937 | Vaults:5 | Killed a golden dragon
 56128 | Vaults:5 | Received a gift from Trog
 56742 | Vaults:5 | Noticed a golden dragon
 56754 | Vaults:5 | Killed a golden dragon
 56777 | Vaults:5 | Received a gift from Trog
 56794 | Vaults:5 | Got an ichor-stained scale mail
 56799 | Vaults:5 | Identified the +4 scale mail of Compression {rN++ MR- rCorr} (You found it on level 5 of the Vaults)
 56838 | Vaults:5 | Got a fine copper amulet
 57000 | Vaults:5 | Noticed Britaniac's ghost (veteran GrFi)
 57589 | Vaults:5 | Killed Britaniac's ghost
 57826 | Vaults:5 | Got a warped glass ring
 57829 | Vaults:5 | Got a steaming leather armour
 57865 | Vaults:5 | Identified the +3 leather armour of Yprerefa {+Fly MR+ Str-3 Dex+3} (You took it off a tengu reaver on level 5 of the Vaults)
 57920 | Vaults:5 | Received a gift from Trog
 57932 | Vaults:5 | Gained mutation: You resist negative energy. (rN+) [demonic ancestry]
 57932 | Vaults:5 | Reached XP level 23. HP: 150/182 MP: 14/23
 58092 | Vaults:5 | Got a silver rune of Zot
 58389 | Vaults:5 | Identified the Disquisition on the Destructive Compass
 58571 | Vaults:5 | Identified the ring "Caatetih" {rElec rPois rF+ Str+2} (You took it off a tengu reaver on level 5 of the Vaults)
 58956 | Depths:1 | Entered Level 1 of the Depths
 59175 | Depths:1 | Received a gift from Trog
 59197 | Depths:1 | Found a shattered altar of Ashenzari.
 59252 | Depths:1 | Noticed Vorshek's ghost (adept GnWr)
 59406 | Depths:1 | Killed Vorshek's ghost
 59429 | Depths:1 | Found a gateway to Hell.
 59886 | Depths:1 | Reached skill level 24 in Shields
 60352 | Depths:2 | Noticed a juggernaut
 60367 | Depths:2 | Killed a juggernaut
 60439 | Depths:2 | Received a gift from Trog
 60617 | Depths:2 | Reached skill level 15 in Armour
 60659 | Depths:2 | Got a warped flail
 60660 | Depths:2 | Identified the +4 flail of Compound Interest {crush, +Blink rN++ Dex-5 SInv} (You found it on level 2 of the Depths)
 60809 | Depths:2 | Found an opulent altar of Gozag.
 60898 | Depths:2 | Identified the amulet "Ixuan" {-Tele rF+ Regen+ Dex+2} (You took it off an ogre mage on level 5 of the Vaults)
 61103 | Depths:2 | Noticed Saint Roka
 61137 | Depths:2 | Killed Saint Roka
 62040 | Depths:3 | Received a gift from Trog
 62042 | Depths:3 | Found a transporter.
 62124 | Depths:3 | Found a transporter.
 62506 | Depths:3 | Found a one-way gate leading to the halls of Pandemonium.
 62585 | Depths:3 | Found a gateway to a ziggurat.
 63754 | Depths:3 | Noticed a caustic shrike
 63758 | Depths:3 | Noticed a juggernaut
 63772 | Depths:3 | Killed a caustic shrike
 63772 | Depths:3 | Reached XP level 24. HP: 192/192 MP: 14/23
 63787 | Depths:3 | Killed a juggernaut
 64311 | Depths:3 | Received a gift from Trog
 64388 | Depths:3 | Got a scorched tin amulet
 64397 | Depths:3 | Got a smoking emerald amulet
 64414 | Depths:3 | Got a scorched copper ring
 64416 | Depths:3 | Identified the ring of Cilysizio {Ice Str+4 Slay+3} (You found it on level 3 of the Depths)
 64482 | Depths:4 | Reached skill level 15 in Dodging
 64798 | Depths:4 | Identified the amulet "Madwets" {rC+ Regen+ Int+2} (You found it on level 3 of the Depths)
 64801 | Depths:4 | Identified the amulet "Ejesucs" {Faith +Inv rElec Int+3} (You found it on level 3 of the Depths)
 65193 | Depths:4 | Found a one-way gate to the infinite horrors of the Abyss.
 65273 | Depths:4 | Voluntarily entered the Abyss.
 65718 | Abyss:1  | Got a crude great sword
 65724 | Abyss:1  | Identified the +6 great sword "Grim" {venom, +Fly} (You found it on level 1 of the Abyss)
 65887 | Abyss:1  | Reached skill level 25 in Shields
 66062 | Abyss:1  | Noticed an ancient lich
 66078 | Abyss:1  | Killed an ancient lich
 66242 | Abyss:1  | Gained mutation: You are clumsy. (Dex -2) [a neqoxec]
 66450 | Abyss:1  | Gained mutation: Your body sometimes deteriorates upon taking damage. [a neqoxec]
 66574 | Abyss:1  | Got a scorched chain mail
 66624 | Abyss:1  | Identified the cursed +1 chain mail of the Pits of Slime {rElec rCorr Int+4 Dex+3} (You found it on level 1 of the Abyss)
 66743 | Abyss:1  | Received a gift from Trog
 66745 | Abyss:1  | Paralysed by accursed screaming for 2 turns
 66859 | Abyss:1  | Found a corrupted altar of Lugonu.
 67395 | Abyss:4  | Received a gift from Trog
 67663 | Abyss:4  | Reached XP level 25. HP: 165/201 MP: 14/23
 67914 | Abyss:5  | Entered Level 5 of the Abyss
 67971 | Abyss:5  | Received a gift from Trog
 68340 | Abyss:5  | Received a gift from Trog
 68376 | Abyss:5  | Paralysed by accursed screaming for 1 turns
 68384 | Abyss:5  | Paralysed by accursed screaming for 2 turns
 68388 | Abyss:5  | Paralysed by accursed screaming for 2 turns
 68389 | Abyss:5  | Killed from afar by a starcursed mass

Skill      XL: |  1  2  3  4  5  6  7  8  9 10 11 12 13 14 15 16 17 18 19 20 21 22 23 24 |
---------------+-------------------------------------------------------------------------+-----
Dodging        | 2 3 4 5 6 7 8 9 10 11 12 13 14 15 | 15.6
Armour         | 2 3 4 5 6 7 8 9 10 11 12 13 14 15 | 15.8
Long Blades    | 3 4 5 7 8 9 10 11 12 13 | 13.6
Shields        | 1 3 4 5 6 8 9 10 12 14 15 17 18 19 20 21 22 23 24 25 | 25.8
Fighting       | 4 5 6 7 8 9 10 11 12 13 14 15 16 17 | 17.3
Short Blades   | 3 5 6 7 8 10 11 12 | 12.2
Stealth        | |  0.4
Unarmed Combat | |  0.8
Evocations     | |  0.3

Action                   |  1- 3 |  4- 6 |  7- 9 | 10-12 | 13-15 | 16-18 | 19-21 | 22-24 | 25-27 || total
-------------------------+-------+-------+-------+-------+-------+-------+-------+-------+-------++-------
Melee: Falchion          |    94 |     9 |       |   295 |       |       |       |       |       ||   398
       Kick              |     8 |    26 |   103 |     2 |       |       |  1085 |  1231 |   223 ||  2678
       Long sword        |       |    97 |   354 |   292 |       |       |   161 |  2134 |   377 ||  3415
       Unarmed           |       |       |       |    15 |       |       |       |       |       ||    15
       Dagger            |       |       |       |   446 |  2216 |       |       |       |       ||  2662
       Short sword       |       |       |       |       |   244 |  2183 |  1875 |       |       ||  4302
Invok: Berserk           |     1 |     2 |     4 |    15 |    22 |    23 |     9 |    14 |     1 ||    91
       Burn Spellbooks   |       |       |     2 |     2 |     3 |     3 |     2 |    10 |       ||    22
       Brothers in Arms  |       |       |       |     3 |     5 |    15 |     6 |     2 |     1 ||    32
Evoke: Wand              |       |       |       |       |       |       |       |     6 |       ||     6
  Use: Scroll            |       |       |    13 |    14 |    17 |    16 |    12 |    15 |       ||    87
       Potion            |       |       |     1 |       |     1 |     2 |       |     1 |       ||     5
 Stab: Distracted        |       |       |       |       |     1 |     1 |     2 |       |       ||     4
       Held in net/web   |       |       |       |       |       |       |     2 |       |       ||     2
  Eat: Chunk             |     2 |     5 |    18 |    29 |    48 |    32 |    30 |    12 |     1 ||   177
       Ration            |       |       |       |     9 |     7 |    13 |     6 |    13 |     1 ||    49
Armor: Ring mail         |    21 |    22 |    94 |    55 |       |       |       |       |       ||   192
       Animal skin       |     2 |       |       |       |       |       |       |       |       ||     2
       Plate armour      |    31 |    21 |       |   274 |   596 |   563 |   413 |   480 |    90 ||  2468
Dodge: Dodged            |    74 |    33 |   113 |   311 |   354 |   301 |   342 |   410 |   115 ||  2053
Block: Other             |    18 |     4 |       |       |       |       |       |       |       ||    22
       Shield            |       |    77 |   185 |       |       |       |       |       |       ||   262
       Buckler           |       |       |    70 |   513 |       |       |       |       |       ||   583
       Large shield      |       |       |       |    50 |  2169 |  2291 |  2213 |  2590 |   589 ||  9902
       Rpst.: Falchion   |    20 |       |       |    19 |       |       |       |       |       ||    39
       Long sword        |       |    10 |    35 |    34 |       |       |    20 |   118 |    25 ||   242
       Short sword       |       |       |       |       |       |    42 |    48 |       |       ||    90
